 Dungeon Crawl Stone Soup version 0.29.1-12-g30fa7ad0bf (webtiles) character file.

Game seed: 2390445731446701866

4867 Radix the Geomancer (level 10, -11/50 HPs)
             Began as a Gargoyle Earth Elementalist on Dec 14, 2022.
             Was a Believer of Vehumet.
             Engulfed by a cloud of flame (22 damage)
             ... on level 9 of the Dungeon.
             The game lasted 01:00:02 (9049 turns).

Radix the Geomancer (Gargoyle Earth Elementalist)   Turns: 9049, Time: 01:00:03

Health: -11/50     AC:  9    Str: 12    XL:     10   Next: 50%
Magic:  14/22      EV: 15    Int: 20    God:    Vehumet [**....]
Gold:   667        SH:  0    Dex: 10    Spells: 19/25 levels left

rFire   . . .      SeeInvis +   f - +2 mace (vorpal)
rCold   . . .      Faith    .   (no shield)
rNeg    + . .      Spirit   .   a - +0 robe
rPois   ∞          Reflect  .   (no helmet)
rElec   +          Harm     .   k - scarf {repulsion}
rCorr   .          Rampage  .   (no gloves)
Will    .....                   (no boots)
Stlth   ++........              (no amulet)
HPRegen 0.16/turn               l - +4 ring of evasion
MPRegen 0.18/turn               s - ring of see invisible

@: repel missiles
A: sickness immunity, AC +7, negative energy resistance 1, electricity
resistance, torment resistance 1, petrification resistance
a: Renounce Religion


You were on level 9 of the Dungeon.
You worshipped Vehumet.
Vehumet was pleased with you.
You visited 2 branches of the dungeon, and saw 10 of its levels.

You collected 667 gold pieces.

Inventory:

Hand Weapons
 f - a +2 vorpal mace (weapon)
 n - a +0 flail
 q - a +0 rapier
 u - a +1 whip of draining
 x - a +4 halberd
Missiles
 c - 29 poisoned darts
 o - 6 boomerangs of dispersal
Armour
 a - a +0 robe (worn)
 k - a scarf of repulsion (worn)
Jewellery
 l - a +4 ring of evasion (left hand)
 s - a ring of see invisible (right hand)
Wands
 y - a wand of mindburst (18)
 B - a wand of digging (4)
Scrolls
 d - a scroll of identify
 i - 3 scrolls of magic mapping {unknown}
 p - 2 scrolls of poison {unknown}
 t - a scroll of teleportation
 z - a scroll of brand weapon {unknown}
 A - a scroll of blinking {unknown}
Potions
 b - a potion of magic
 g - 3 potions of curing {unknown}
 h - 2 potions of degeneration {unknown}
 j - a potion of ambrosia {unknown}
 m - 5 potions of mutation
 r - 2 potions of brilliance
 v - a potion of haste {unknown}
 w - a potion of cancellation {unknown}


   Skills:
 - Level 5.0 Maces & Flails
 - Level 1.5 Dodging
 - Level 2.1 Stealth
 + Level 8.0 Spellcasting
 + Level 8.5 Conjurations
 - Level 0.7 Transmutations
 + Level 10.7 Earth Magic


You had 19 spell levels left.
You knew the following spells:

 Your Spells              Type           Power      Damage    Failure   Level
a - Sandblast             Erth           100%       2d20      1%          1
b - Stone Arrow           Conj/Erth      92%        3d12      1%          3
c - Blink                 Tloc           16%        N/A       13%         2

Your spell library contained the following spells:

 Spells                   Type           Power      Damage    Failure   Level
 Freeze                   Ice            32%        1d5       9%          1
 Magic Dart               Conj           100%       1d8       1%          1
 Shock                    Conj/Air       100%       1d9       1%          1
 Passwall                 Tmut/Erth      25%        N/A       1%          2
 Sting                    Tmut/Pois      36%        1d4       8%          1
 Petrify                  Tmut/Erth      30%        N/A       9%          4
 Ensorcelled Hibernation  Hex/Ice        16%        N/A       13%         2
 Poisonous Vapours        Pois/Air       16%        N/A       13%         2
 Hailstorm                Conj/Ice       25%        3d7       14%         4
 Spider Form              Tmut/Pois      9%         N/A       22%         3
 Lesser Beckoning         Tloc           8%         N/A       26%         3
 Tukima's Dance           Hex            8%         N/A       26%         3
 Irradiate                Conj/Tmut      13%        3d16      34%         5
 Anguish                  Hex/Necr       4%         N/A       63%         4
 Olgreb's Toxic Radiance  Pois           8%         N/A       63%         4
 Passage of Golubria      Tloc           8%         N/A       63%         4
 Yara's Violent Unravell  Hex/Tmut       4%         3d4       90%         5
 Manifold Assault         Tloc           8%         N/A       93%         5
 Storm Form               Tmut/Air       4%         N/A       100%        7
 Sublimation of Blood     Necr           Unusable   N/A       N/A         2
 Statue Form              Tmut/Erth      Unusable   N/A       N/A         6

Dungeon Overview and Level Annotations

Branches:
Dungeon (9/15)             Temple (1/1) D:5            Lair (0/5) D:8
    Orc: D:9-12

Altars:
Ashenzari
Cheibriados
Dithmenos
Elyvilon
Fedhas
Gozag
Hepliaklqana
Kikubaaqudgha
Makhleb
Nemelex Xobeh
Okawaru
Qazlal
Ru
Trog
Uskayaw
Vehumet
Wu Jian
Xom
Yredelemnul
Zin
The Shining One

Annotations:
D:8 1 transporter, Grokii's ghost, novice MiFi
D:9 Pikel


Innate Abilities, Weirdness & Mutations

You are immune to sickness and miasma.
Your stone body is resilient. (AC +7)
You are immune to poison.
You resist negative energy. (rN+)
You are resistant to electric shocks. (rElec)
You are resistant to unholy torment.
You are immune to petrification.


Message History

Confirm with . or Enter, or press ? or * to list all spells.
You can't see any susceptible monsters within range! (Use Z to cast anyway.)
A lemure comes into view.
The lemure shouts!
A lemure comes into view.
A gnoll sergeant comes into view. It is wielding a +0 spear.
Okay, then.
The gnoll sergeant shouts!
You hear a shout! x2; The lemure shouts! x2
A gnoll comes into view. It is wielding a +0 whip.
Really read the scroll of immolation?
As you read the scroll of immolation, it crumbles to dust.
The creatures around you are filled with an inner flame!
The lemure attacks as you move away! The lemure hits you.
A lemure opens the door.
Casting: Stone Arrow (safe; 1% risk of failure)
Confirm with . or Enter, or press ? or * to list all spells.
Aiming: Stone Arrow (safe; 1% risk of failure)
Press: ? - help, Shift-Dir - straight line, f - gnoll
Aim: a gnoll, wielding a +0 whip (inner flame, 79% to hit)
The stone arrow hits the lemure!
Flame seeps out of the lemure.
The lemure is moderately wounded.
The lemure completely misses you.
The lemure is engulfed in blazing flames.
Flame seeps out of the lemure.
The lemure attacks as you move away! The lemure misses you.
The lemure attacks as you move away! The lemure hits you.
Casting: Stone Arrow (safe; 1% risk of failure)
Confirm with . or Enter, or press ? or * to list all spells.
Aiming: Stone Arrow (safe; 1% risk of failure)
Press: ? - help, Shift-Dir - straight line, f/p - gnoll
Aim: a gnoll, wielding a +0 whip (inner flame, 79% to hit)
The stone arrow hits the lemure!!
That felt strangely unrewarding.
The lemure explodes!
The fiery explosion engulfs you!!
Ouch! That really hurt!
* * * LOW HITPOINT WARNING * * *
The fiery explosion engulfs the lemure!
Flame seeps out of the lemure.
The lemure is heavily wounded.
You are engulfed in blazing flames.
You die...

.. ...
....###.######. #.
............5g....
#.#######.#
###.......... ..
#..5.g#.....# ...
+.§§..'g.##.
...###.§§§.#..#
.......@5§.g..#
.##.<..)5###..#
.........###.....
.#............#..#
#..#.........# ...
#.$#)....##... ..
#. #..<#.# ###. .
. #...........
#............


You could see 3 lemures, a gnoll sergeant (inner flame) and 2 gnolls.

Vanquished Creatures
  A hornet (D:8)
  Eustachio (D:5)
  A wyvern (D:7)
  A steam dragon (D:7)
  Grum (D:8)
  Menkaure (D:5)
  A water moccasin (D:6)
  2 ice beasts (D:6)
  A sky beast (D:6)
  5 ogres
  A black bear (D:4)
  3 wolves
  2 centaurs
  A lemure (D:9)
  A phantom (D:7)
  2 kobold brigands
  A gnoll sergeant (D:6)
  Blork the orc (D:5)
  4 bullfrogs
  2 necrophages (D:4)
  A scorpion (D:5)
  5 wights (D:7)
  17 killer bees
  4 howler monkeys
  5 crimson imps (D:7)
  2 jellies
  An orc priest (D:7)
  A gnoll bouda (D:6)
  3 orc wizards
  5 iguanas
  4 gnolls
  11 adders
  2 shadow imps
  4 white imps (D:7)
  An ufetubus (D:5)
  2 worms (D:2)
  2 dart slugs
  11 orcs
  12 ball pythons
  7 endoplasms
  3 giant cockroaches
  11 goblins
  7 hobgoblins
  7 quokkas
  6 bats
  11 frilled lizards
  7 kobolds
  2 rats (D:1)
187 creatures vanquished.

Vanquished Creatures (others)
  A kobold (D:7)
  8 plants (D:3)
9 creatures vanquished.

Grand Total: 196 creatures vanquished

Notes
Turn   | Place    | Note
-------+----------+-------------------------------------------
     0 | D:1      | Radix the Gargoyle Earth Elementalist began the quest for
                  | the Orb.
     0 | D:1      | Reached XP level 1. HP: 10/10 MP: 3/3
   145 | D:1      | Got the Incunabulum of Battling and Transfiguration
   199 | D:1      | Reached skill level 4 in Earth Magic
   199 | D:1      | Reached XP level 2. HP: 15/15 MP: 1/5
   715 | D:1      | Reached XP level 3. HP: 19/19 MP: 3/6
  1441 | D:2      | Found a faded altar of an unknown god.
  1597 | D:2      | Reached XP level 4. HP: 24/24 MP: 5/8
  2046 | D:3      | Reached skill level 5 in Earth Magic
  2130 | D:3      | Learned a level 3 spell: Stone Arrow
  2206 | D:3      | Reached skill level 1 in Conjurations
  2251 | D:3      | Reached XP level 5. HP: 28/28 MP: 7/10
  2674 | D:3      | Found an ancient bone altar of Kikubaaqudgha.
  3015 | D:4      | Reached XP level 6. HP: 32/32 MP: 9/11
  3203 | D:4      | Reached skill level 6 in Earth Magic
  3433 | D:4      | Found a white marble altar of Elyvilon.
  3502 | D:4      | Noticed a black bear
  3509 | D:4      | Killed a black bear
  3827 | D:4      | Found a glowing silver altar of Zin.
  3832 | D:4      | Found a blossoming altar of Fedhas.
  4020 | D:5      | Entered Level 5 of the Dungeon
  4132 | D:5      | Reached XP level 7. HP: 36/36 MP: 10/13
  4225 | D:5      | Noticed Eustachio
  4235 | D:5      | Killed Eustachio
  4244 | D:5      | Reached skill level 7 in Earth Magic
  4379 | D:5      | Reached skill level 5 in Spellcasting
  4388 | D:5      | Reached XP level 8. HP: 41/41 MP: 3/15
  4426 | D:5      | Identified the +8 shortbow "Yniolom" {flame, rF+ MP-9 Str+2
                  | SInv}
  4873 | D:5      | Noticed Blork the orc
  4880 | D:5      | Killed Blork the orc
  5234 | D:5      | Reached skill level 5 in Conjurations
  5317 | D:5      | Found a staircase to the Ecumenical Temple.
  5333 | Temple   | Entered the Ecumenical Temple
  5434 | Temple   | Became a worshipper of Vehumet
  5529 | D:5      | Noticed Menkaure
  5533 | D:5      | Killed Menkaure
  5534 | D:5      | Reached skill level 8 in Earth Magic
  6318 | D:6      | Reached XP level 9. HP: 45/45 MP: 13/18
  6323 | D:6      | Reached skill level 1 in Maces & Flails
  6431 | D:6      | Reached skill level 9 in Earth Magic
  6950 | D:6      | Found a snail-covered altar of Cheibriados.
  7094 | D:7      | Reached * piety under Vehumet
  7094 | D:7      | Offered knowledge of Foxfire by Vehumet.
  7319 | D:7      | Learned a level 2 spell: Blink
  7706 | D:6      | Reached skill level 10 in Earth Magic
  7708 | D:6      | Reached XP level 10. HP: 20/50 MP: 7/21
  8137 | D:8      | Offered knowledge of Freeze by Vehumet.
  8264 | D:8      | Reached ** piety under Vehumet
  8295 | D:8      | Noticed Grum
  8680 | D:8      | Killed Grum
  8681 | D:8      | Reached skill level 5 in Maces & Flails
  8777 | D:8      | Found a staircase to the Lair.
  8855 | D:8      | Found a transporter.
  8856 | D:8      | Noticed Grokii's ghost (novice MiFi)
  8857 | D:8      | Identified the +6 great mace of Action {elec, Int+8}
  8857 | D:8      | Identified the +5 dire flail "Daeh" {vamp, Dex+4}
  8857 | D:8      | Noticed a two-headed ogre
  9036 | D:9      | Noticed Pikel
  9049 | D:9      | Engulfed by a cloud of flame

Illustrated notes

Levels and vault maps discovered:
D:1:      nicolae_arrival_washed_ashore, layout_loops_cross
D:2:      minmay_wonky_spiral, layout_loops_ring, ebering_ecumenical_altar_box,
          grunt_ministairs_3
D:3:      layout_loops_ring, mainiacjoe_overflow_concentric_impassable,
          minmay_lizard_king
D:4:      kennysheep_big_flooded_room, layout_rooms,
          lemuel_coloured_pillars_altar, amethyst_overflow_temple_binary,
          wad_floor_pattern_2
D:5:      minmay_inner_zag, layout_loops_ring, minmay_temple_entry_mist,
          uniq_blork_the_orc, uniq_menkaure, uniq_eustachio
D:6:      layout_loops_ring, kennysheep_mini, st_stairs_3, minmay_small_thing
D:7:      layout_rooms, enter_bailey_3, minmay_nine_imps
D:8:      layout_rooms, lair_entry_dummy, gammafunk_ghost_smash, uniq_grum
D:9:      layout_basic, led_sif_pool, erik_orc_1, uniq_pikel
Temple:   nicolae_temple_slightly_damp_pantheon

Skill      XL: |  1  2  3  4  5  6  7  8  9 10 |
---------------+-------------------------------+-----
Earth Magic    | 4 5 6 7 8 10 | 10.7
Spellcasting   | 3 4 5 6 7 8 |  8.0
Conjurations   | 1 2 3 4 6 7 8 |  8.5
Maces & Flails | 3 5 |  5.0
Dodging        | |  1.5
Stealth        | |  2.1
Transmutations | |  0.7

Action                   |  1- 3 |  4- 6 |  7- 9 | 10-12 || total
-------------------------+-------+-------+-------+-------++-------
Melee: Unarmed           |     1 |       |       |       ||     1
       Rapier            |       |    21 |    18 |       ||    39
       Flail             |       |     7 |       |       ||     7
       Mace              |       |       |     8 |    14 ||    22
 Cast: Sandblast         |    46 |    66 |    77 |    27 ||   216
       Stone Arrow       |       |     5 |    60 |    25 ||    90
       Blink             |       |       |     2 |     3 ||     5
  Use: Scroll            |       |     9 |       |     1 ||    10
       Potion            |       |       |       |     5 ||     5
 Stab: Sleeping          |       |     1 |       |       ||     1
Armor: Robe              |     3 |     9 |    23 |    35 ||    70
Dodge: Dodged            |     3 |    52 |    80 |   129 ||   264
